 Dungeon Crawl Stone Soup version 0.28-a0-819-g6ef7baa362 (webtiles) character file.

Game seed: 3266059057083811201

70 Tinkle the Skirmisher (level 4, -1/41 HPs)
             Began as a Minotaur Berserker on Nov 9, 2021.
             Was a Believer of Trog.
             Slain by Sigmund (5 damage)
             ... on level 3 of the Dungeon.
             The game lasted 00:03:16 (2092 turns).

Tinkle the Skirmisher (Minotaur Berserker)          Turns: 2092, Time: 00:03:17

Health: -1/41      AC:  3    Str: 23    XL:     4   Next: 4%
Magic:  3/3        EV: 11    Int:  4    God:    Trog [**....]
Gold:   140        SH:  0    Dex:  9    Spells: 3/3 levels left

rFire   . . .      SeeInvis .   a - +0 hand axe
rCold   . . .      Faith    .   (no shield)
rNeg    . . .      Spirit   .   e - +0 leather armour
rPois   .          Reflect  .   (helmet restricted)
rElec   .          Harm     .   (no cloak)
rCorr   .          Rampage  .   (no gloves)
Will    +++..                   (no boots)
Stlth   +.........              (no amulet)
HPRegen 1.13/turn               j - ring of willpower
MPRegen 0.08/turn               (no ring)

@: strong-willed (expiring), regenerating (expiring)
A: horns 2, retaliatory headbutt
a: Renounce Religion, Berserk, Trog's Hand


You were on level 3 of the Dungeon.
You worshipped Trog.
Trog was pleased with you.
You visited 1 branch of the dungeon, and saw 3 of its levels.

You collected 140 gold pieces.

Inventory:

Hand Weapons
 a - a +0 hand axe (weapon)
Missiles
 h - 2 curare-tipped darts (quivered)
Armour
 e - a +0 leather armour (worn)
Jewellery
 j - a ring of willpower (left hand)
Scrolls
 f - 3 scrolls of fog {unknown}
 i - 2 scrolls of identify {unknown}
 l - a scroll of immolation {unknown}
Potions
 b - a potion of resistance {unknown}
 c - a potion of heal wounds {unknown}
 d - 2 potions of might {unknown}
 g - a potion of flight {unknown}
 k - 2 potions of magic {unknown}


   Skills:
 + Level 4.9 Fighting
 + Level 4.9 Axes
 - Level 2.4 Armour
 - Level 2.1 Dodging


You had 3 spell levels left.
You didn't know any spells.
Your spell library was empty.

Dungeon Overview and Level Annotations

Branches:
Dungeon (3/15)

Altars:

Annotations:
D:3 Sigmund


Innate Abilities, Weirdness & Mutations

You have a pair of horns on your head.
You reflexively headbutt those who attack you in melee.


Message History

a +0 club; a goblin corpse You now have 140 gold pieces (gained 16).
Things that are here:
a +0 club; a goblin corpse Sigmund the Dreaded comes into view.
He is wielding a +0 scythe.
Sigmund is nearby!
Sigmund points at you and mumbles some strange words.
The puff of flame hits you!
There is an open door here.
There is a stone staircase leading up here.
You climb upwards.
There is a stone staircase leading down here.
You start resting.
HP restored.
You start waiting.
Done waiting.
You climb downwards.
Level annotation: Sigmund
There is a stone staircase leading up here.
Sigmund casts a spell at you.
The magic dart hits you but does no damage.
Your skin crawls.
You feel strong-willed. Sigmund hits you with a +0 scythe!
There is an open door here.
You barely miss Sigmund.
Sigmund casts a spell.
Sigmund flickers and vanishes!
Deactivating autopickup; reactivate with Ctrl-A.
You barely miss something. Something hits you!
You hit something. You barely miss something.
You feel the effects of Trog's Hand fading.
Something hits you.
You closely miss something. Something hits you!
You hit something. You barely miss something. You headbutt something!
Something hits you!
* * * LOW HITPOINT WARNING * * *
You hit something but do no damage. Something hits you.
You die...

#.###....#...###
#.............#
########......#.#
#......@........#
#.######.....)####
######### #.#
#..........
........# #.#
#.........#
........# #{#
....#......#
........###@##
.#####......#
.............##
#......#
.............<#
#.......
#######.......#
#####.## #.......#
..# #......## ...
#......# #......#
#......#


There were no monsters in sight!

Vanquished Creatures
  3 adders (D:2)
  A dart slug (D:2)
  7 endoplasms
  A giant cockroach (D:2)
  3 goblins
  6 hobgoblins
  2 jackals (D:1)
  6 kobolds
  A quokka (D:1)
  3 ball pythons
  2 frilled lizards
  A rat (D:1)
36 creatures vanquished.

Notes
Turn   | Place    | Note
-------+----------+-------------------------------------------
     0 | D:1      | Tinkle the Minotaur Berserker began the quest for the Orb.
     0 | D:1      | Reached XP level 1. HP: 19/19 MP: 0/0
   184 | D:1      | Found a faded altar of an unknown god.
   273 | D:1      | Reached XP level 2. HP: 27/27 MP: 1/1
   999 | D:2      | Reached XP level 3. HP: 34/34 MP: 2/2
  1034 | D:2      | Reached ** piety under Trog
  1846 | D:2      | Reached XP level 4. HP: 41/41 MP: 3/3
  1917 | D:3      | Noticed Sigmund
  2092 | D:3      | Slain by Sigmund

Illustrated notes

Levels and vault maps discovered:
D:1:      giann_horns, layout_loops_ring, chequers_ecumenical_altar_simple_redux
D:2:      layout_rooms
D:3:      layout_basic, uniq_sigmund

Skill      XL: |  1 |
---------------+----+-----
Fighting       | 4 |  4.9
Axes           | 4 |  4.9
Armour         | |  2.4
Dodging        | |  2.1

Action                   |  1- 3 |  4- 6 || total
-------------------------+-------+-------++-------
Melee: Hand axe          |    69 |    11 ||    80
       Headbutt          |    10 |     2 ||    12
Invok: Trog's Hand       |       |     1 ||     1
Armor: Animal skin       |     2 |       ||     2
       Leather armour    |    16 |     2 ||    18
Dodge: Dodged            |    30 |     1 ||    31

Table legend: (Time is in decaauts)
 A = Elapsed time spent in this place.
 B = Non-inter-level travel time spent in this place.
 C = Inter-level travel time spent in this place.
 D = Time resting spent in this place.
 E = Time spent auto-exploring this place.
 F = Levels seen in this place.
 G = Mean time per level.
                   A        B        C        D        E       F      G
               +--------+--------+--------+--------+--------+-----+--------+
         Total |   2098 |   2032 |     66 |    747 |   1019 |   3 |  699.3 |
       Dungeon |   2098 |   2032 |     66 |    747 |   1019 |   3 |  699.3 |
               +--------+--------+--------+--------+--------+-----+--------+

Top non-repeatable levels by time:
     D:2: 1075 daAuts
     D:1: 947 daAuts
     D:3: 74 daAuts
